 Dungeon Crawl Stone Soup version 0.23.2-40-g277498a001 (webtiles) character file.

Game seed: 3722929517183079375

188 DildoBatman the Conjurer (level 6, -2/41 HPs)
             Began as a Formicid Wizard on Aug 15, 2019.
             Was an Initiate of Kikubaaqudgha.
             Slain by a shadow (10 damage)
             ... created by the darkness of Dithmenos
             ... on level 3 of the Dungeon.
             The game lasted 00:19:26 (5078 turns).

DildoBatman the Conjurer (Formicid Wizard)          Turns: 5078, Time: 00:19:26

Health: -2/41      AC:  3    Str: 11    XL:     6   Next: 0%
Magic:  10/10      EV: 27    Int: 20    God:    Kikubaaqudgha [......]
Gold:   230        SH:  0    Dex: 13    Spells: 4/11 levels left

rFire    . . .     SeeInvis +   b - +0 hunting sling
rCold    . . .     Gourm    .   (no shield)
rNeg     . . .     Faith    .   o - +0 robe
rPois    .         Spirit   .   (helmet unavailable)
rElec    .         Reflect  .   (no cloak)
rCorr    .         Harm     .   (no gloves)
MR       .....                  q - +0 pair of boots
Stlth    ++........             G - amulet of the acrobat
HPRegen  0.13/turn              m - +4 ring of dexterity
MPRegen  0.12/turn              (no ring)

@: acrobat
A: permanent stasis, dig shafts and tunnels, four strong arms, antennae 3
a: Dig, Shaft Self, Renounce Religion


You were on level 3 of the Dungeon.
You worshipped Kikubaaqudgha.
Kikubaaqudgha was noncommittal.
You were hungry.

You visited 1 branch of the dungeon, and saw 4 of its levels.

You collected 230 gold pieces.

Inventory:

Hand Weapons
 a - a +4 whip
 b - a +0 hunting sling (weapon)
 e - a +0 halberd
 s - a +0 blowgun
 B - a +2 vampiric war axe
Missiles
 g - 112 stones (quivered)
 j - 20 poisoned needles
 l - 25 arrows
 t - 2 throwing nets
 A - 40 bolts
 D - 11 sling bullets
Armour
 o - a +0 robe (worn)
 q - a +0 pair of boots (worn)
 H - a +0 shield
Magical Staves
 y - an uncursed staff of air
Jewellery
 m - a +4 ring of dexterity (left hand)
 G - an amulet of the acrobat (around neck)
Wands
 u - a wand of flame (15)
Scrolls
 i - 2 scrolls of amnesia
 k - a scroll of blinking {unknown}
 r - a scroll of enchant armour {unknown}
 w - a scroll of fog {unknown}
 x - 4 scrolls of remove curse
 z - 2 scrolls of identify
 E - a scroll of immolation {unknown}
Potions
 d - a potion of lignification {unknown}
 f - a potion of might {unknown}
 h - 4 potions of curing {unknown}
 n - a potion of berserk rage {unknown}
 p - a potion of magic {unknown}
 C - a potion of agility {unknown}
 F - a potion of degeneration {unknown}
Comestibles
 v - 5 rations


   Skills:
 * Level 0.0 Fighting
 - Level 1.0 Slings
 * Level 0.0 Armour
 - Level 1.7 Dodging
 - Level 3.3 Stealth
 - Level 3.2 Spellcasting
 * Level 4.4 Conjurations
   Level 1.0 Summonings
   Level 0.8 Translocations


You had 4 spell levels left.
You knew the following spells:

 Your Spells              Type           Power        Failure   Level  Hunger
a - Conjure Flame         Conj/Fire      ##......     17%         3    ###....
c - Magic Dart            Conj           ###.         2%          1    None
e - Mephitic Cloud        Conj/Pois/Air  #.......     22%         3    ###....

Your spell library contained the following spells:

 Spells                   Type           Power        Failure   Level  Hunger
 Call Imp                 Summ           #.......     14%         2    ##.....
 Slow                     Hex            #.......     22%         2    ##.....
 Blink                    Tloc           Unusable     N/A         2    N/A

Dungeon Overview and Level Annotations

Branches:
Dungeon (4/15)
 Temple: D:4-7

Altars:
Dithmenos
Elyvilon
Gozag
Kikubaaqudgha
Makhleb
Ru
Zin
The Shining One


Innate Abilities, Weirdness & Mutations

You cannot be hasted, slowed, berserked, paralysed or teleported.
You can dig through walls and to a lower floor.
Your four strong arms can wield two-handed weapons with a shield.
You have a pair of large antennae on your head. (SInv)


Message History

t - Shout!
Orders for allies: a - Attack new target. r - Retreat! s - Stop attacking. g - Guard the area. f - Follow me.
Anything else - Cancel.
You shout for attention!
You hear a shout!
The shadow misses you. The shadow barely misses you. The shadow hits you!
The shadow slips into darkness.
The shadow flickers and vanishes for a moment.
The shadow completely misses you.
There is a stone staircase leading down here.
Okay, then.
The shadow completely misses you.
You see here a +0 short sword.
The shadow hits you!
You die...
Kikubaaqudgha rasps: "You have failed me!
Welcome... death!"

######### #...### #..# ...#
#.....# ####..### ##.# #.#####
#.......# #.#
#..######.....#.# #.#
##.........##.#.# ##.#
#####........#.# ...#
#.#...####.# ...#
############.#...# #.# ...#
#....>.g).W@.....# #.# ...#
#.##########.##..####.#
...###.##########..#.....#####
....)#....g..............#..8#
...#......######............_#
.........................#..8#
..........######...###########
.###.#...## ##### ## #.#####


You could see a shadow (invisible) and a hobgoblin.

Vanquished Creatures
  A worker ant (D:4)
  4 gnolls
  3 adders
  3 oozes
  An adder skeleton (D:4)
  3 worms
  2 dart slugs (D:2)
  4 leopard geckos
  An orc (D:4)
  2 ball pythons (D:3)
  3 giant cockroaches
  4 goblins
  6 hobgoblins
  5 jackals
  8 kobolds
  2 quokkas
  5 bats
  7 frilled lizards
  12 rats
76 creatures vanquished.

Notes
Turn   | Place    | Note
-------+----------+-------------------------------------------
     0 | D:1      | DildoBatman the Formicid Wizard began the quest for the
                  | Orb.
     0 | D:1      | Reached XP level 1. HP: 13/13 MP: 4/4
   178 | D:1      | Reached skill level 1 in Conjurations
   886 | D:2      | Reached XP level 2. HP: 6/19 MP: 0/6
   964 | D:2      | Reached skill level 2 in Conjurations
  1055 | D:2      | Found a white marble altar of Elyvilon.
  1258 | D:2      | Reached XP level 3. HP: 9/24 MP: 0/7
  1263 | D:2      | Learned a level 3 spell: Conjure Flame
  1267 | D:2      | Learned a level 3 spell: Mephitic Cloud
  1644 | D:2      | Reached skill level 3 in Conjurations
  1929 | D:2      | Reached XP level 4. HP: 30/30 MP: 6/8
  2135 | D:2      | Found a glowing golden altar of the Shining One.
  2566 | D:3      | Found a faded altar of an unknown god.
  2585 | D:3      | Became a worshipper of Dithmenos the Shadowed
  2585 | D:3      | Reached * piety under Dithmenos
  2784 | D:3      | Reached XP level 5. HP: 35/35 MP: 1/9
  2812 | D:3      | Reached skill level 1 in Slings
  3158 | D:3      | Found a sacrificial altar of Ru.
  3293 | D:3      | Found an opulent altar of Gozag.
  3665 | D:4      | Found a burning altar of Makhleb.
  3666 | D:4      | Noticed a blizzard demon
  3670 | D:4      | Found a glowing silver altar of Zin.
  3670 | D:4      | Noticed an angel
  3883 | D:4      | Noticed an ogre
  4017 | D:4      | Reached skill level 4 in Conjurations
  4025 | D:4      | Found an ancient bone altar of Kikubaaqudgha.
  4028 | D:4      | Fell from the grace of Dithmenos
  4028 | D:4      | Became a worshipper of Kikubaaqudgha
  4454 | D:2      | Noticed an unseen horror
  4454 | D:2      | Noticed a sky beast
  4855 | D:4      | Reached XP level 6. HP: 41/41 MP: 7/10
  4886 | D:4      | Noticed a shadow
  4886 | D:4      | Noticed a shadow
  4886 | D:4      | Noticed a shadow
  4886 | D:4      | Noticed a shadow
  4981 | D:2      | Noticed a shadow
  4981 | D:2      | Noticed a shadow
  4981 | D:2      | Noticed a shadow
  5078 | D:3      | Slain by a shadow

Skill      XL: |  1  2  3  4  5 |
---------------+----------------+-----
Conjurations   | 1 2 3 4 |  4.4
Slings         | 1 |  1.0
Stealth        | 3 |  3.3
Dodging        | |  1.7
Spellcasting   | |  3.2
Summonings     | |  1.0
Translocations | |  0.8

Action                   |  1- 3 |  4- 6 || total
-------------------------+-------+-------++-------
Melee: Unarmed           |     8 |       ||     8
       Short sword       |    15 |     3 ||    18
       Whip              |       |     4 ||     4
 Fire: Hunting sling     |       |    73 ||    73
 Cast: Magic Dart        |    75 |    79 ||   154
       Mephitic Cloud    |       |     5 ||     5
       Conjure Flame     |       |     1 ||     1
 Abil: Dig               |     1 |     2 ||     3
  Use: Scroll            |       |     3 ||     3
  Eat: Chunk             |     3 |    10 ||    13
Armor: Robe              |     5 |     3 ||     8
Dodge: Dodged            |    32 |    61 ||    93
